 Dungeon Crawl Stone Soup version 0.26-a0-104-gef3e9dd61f (webtiles) character file.

Game seed: 8763000135166377316

211404 MrRokkomies the Schismatic (level 17, -11/89 HPs)
             Began as a Spriggan Abyssal Knight on June 22, 2020.
             Was an Elder of Lugonu.
             Killed from afar by a red draconian scorcher (47 damage)
             ... with damnation
             ... on level 1 of the Abyss.
             The game lasted 02:06:57 (41919 turns).

MrRokkomies the Schismatic (SpAK)                  Turns: 41919, Time: 02:06:57

Health: -11/89     AC: 17    Str: 12    XL:     17   Next: 74%
Magic:  27/28      EV: 38    Int: 16    God:    Lugonu [****..]
Gold:   2281       SH:  9    Dex: 22    Spells: 8/26 levels left

rFire    + . .     SeeInvis +   a - +7 quick blade (distort)
rCold    + + +     Gourm    .   f - +0 buckler {AC+3}
rNeg     . . .     Faith    .   X - +3 ice dragon scales
rPois    .         Spirit   .   (helmet restricted)
rElec    .         Reflect  .   n - scarf {rC+ rF+}
rCorr    .         Harm     .   (gloves unavailable)
MR       ++...                  (boots unavailable)
Stlth    +++.......             k - amulet of the acrobat
HPRegen  0.24/turn              P - ring of protection from fire
MPRegen  0.21/turn              W - +6 ring of dexterity

@: acrobat, very quick
A: very small, unfitting armour, see invisible, herbivore, speed 3, slow
metabolism 2
}: 2/15 runes: decaying, gossamer
a: Depart the Abyss, Bend Space, Banish, Corrupt, Renounce Religion


You were on level 1 of the Abyss.
You worshipped Lugonu.
Lugonu was greatly pleased with you.
You were hungry.

You visited 6 branches of the dungeon, and saw 32 of its levels.
You visited the Abyss 3 times.
You also visited: Sewer, Ossuary, Bailey and Ice Cave.

You collected 3434 gold pieces.
You spent 1153 gold pieces at shops.

Inventory:

Hand Weapons
 a - a +7 quick blade of distortion (weapon)
 b - a +0 hunting sling of freezing
 u - a +2 short sword of venom
Missiles
 g - 747 stones
 l - 88 sling bullets
 w - 104 poisoned darts (quivered)
 H - 10 curare-tipped darts
 K - 2 throwing nets
Armour
 f - a +0 buckler of protection (worn)
 n - a scarf of resistance (worn)
 U - +0 swamp dragon scales
 X - +3 ice dragon scales (worn)
Jewellery
 k - an amulet of the acrobat (around neck)
 m - an uncursed amulet of regeneration
 A - an uncursed ring of protection from magic
 O - an uncursed ring of flight
 P - a ring of protection from fire (left hand)
 S - an uncursed ring of ice
 W - a +6 ring of dexterity (right hand)
Wands
 r - a wand of flame (39)
 s - a wand of enslavement (20)
 y - a wand of acid (15)
 C - a wand of polymorph (40)
 I - a wand of iceblast (23)
 L - a wand of digging (5)
 Z - a wand of clouds (4)
Scrolls
 d - 14 scrolls of teleportation
 i - 11 scrolls of remove curse
 p - 9 scrolls of amnesia
 q - 2 scrolls of immolation
 x - 8 scrolls of fear
 F - 7 scrolls of fog
 R - 10 scrolls of identify
 Y - a scroll of blinking
Potions
 e - 4 potions of stabbing
 h - 9 potions of curing
 j - 10 potions of lignification
 o - 3 potions of invisibility
 t - 6 potions of haste
 v - 3 potions of might
 z - 9 potions of ambrosia
 D - 5 potions of brilliance
 E - a potion of cancellation
 G - 3 potions of magic
 J - 4 potions of heal wounds
 M - 2 potions of flight
 N - a potion of berserk rage
 Q - 5 potions of resistance
Miscellaneous
 B - a tin of tremorstones (3/3)
 T - a phial of floods
 V - a lightning rod (4/4)
Comestibles
 c - 25 rations


   Skills:
 - Level 10.0 Fighting
 - Level 10.4 Short Blades
 - Level 12.0 Slings
 - Level 5.2 Armour
 - Level 13.0 Dodging
 + Level 10.7 Stealth
 - Level 7.2 Shields
 - Level 5.0 Spellcasting
 + Level 7.8 Hexes
 * Level 11.1 Summonings
 - Level 6.8 Translocations
 - Level 7.0 Ice Magic
 * Level 14.4 Invocations


You had 8 spell levels left.
You knew the following spells:

 Your Spells              Type           Power        Failure   Level  Hunger
a - Confusing Touch       Hex            ####....     12%         3    ###....
b - Frozen Ramparts       Ice            ####..       16%         3    ###....
c - Summon Ice Beast      Ice/Summ       ####....     22%         4    ####...
d - Blink                 Tloc           N/A          9%          2    #......
e - Summon Butterflies    Summ           #####...     1%          1    None
f - Summon Mana Viper     Hex/Summ       ####....     47%         5    ######.

Your spell library contained the following spells:

 Spells                   Type           Power        Failure   Level  Hunger
 Summon Small Mammal      Summ           ####         1%          1    None
 Call Imp                 Summ           #####...     1%          2    #......
 Corona                   Hex            ####...      3%          1    None
 Call Canine Familiar     Summ           #####...     3%          3    ###....
 Freeze                   Ice            ####         5%          1    None
 Apportation              Tloc           ####..       6%          1    None
 Slow                     Hex            ####....     6%          2    #......
 Gell's Gravitas          Tloc           ####......   17%         3    ###....
 Ozocubu's Armour         Chrm/Ice       ###.....     56%         3    ###....
 Animate Skeleton         Necr           N/A          67%         1    None
 Magic Dart               Conj           #...         67%         1    None
 Pain                     Necr           #...         67%         1    None
 Metabolic Englaciation   Hex/Ice        ####......   77%         5    ######.
 Sublimation of Blood     Necr           #.........   82%         2    #......
 Hailstorm                Conj/Ice       ###.....     92%         4    ####...
 Ice Form                 Ice/Tmut       ###.....     92%         4    ####...
 Conjure Flame            Conj/Fire      #.......     96%         3    ###....
 Ignite Poison            Fire/Tmut/Pois #.......     96%         3    ###....
 Mephitic Cloud           Conj/Pois/Air  #.......     96%         3    ###....
 Vampiric Draining        Necr           #.........   96%         3    ###....
 Yara's Violent Unravell  Hex/Tmut       ###.......   99%         5    ######.
 Animate Dead             Necr           N/A          100%        4    ####...
 Petrify                  Tmut/Erth      #.......     100%        4    ####...
 Agony                    Necr           #.......     100%        5    ######.
 Alistair's Intoxication  Tmut/Pois      #.......     100%        5    ######.
 Irradiate                Conj/Tmut      #.........   100%        5    ######.
 Eringya's Noxious Bog    Tmut/Pois      #.........   100%        6    #######
 Freezing Cloud           Conj/Ice/Air   ##........   100%        6    #######
 Ozocubu's Refrigeration  Ice            ####......   100%        6    #######
 Simulacrum               Ice/Necr       ###.......   100%        6    #######
 Summon Hydra             Summ           #####.....   100%        7    #######


Dungeon Overview and Level Annotations

Branches:
Dungeon (15/15)            Temple (0/1) D:4            Lair (6/6) D:11
  Swamp (4/4) Lair:4       Spider (4/4) Lair:4          Orc (2/2) D:11
    Elf (0/3) Orc:2        Vaults (1/5) D:13         Depths (0/5) D:15
  Sewer (visited)         Ossuary (visited)          Bailey (visited)
  IceCv (visited)
  Slime: Lair:5-6

Altars:
Okawaru
Trog
Wu Jian
Xom
Yredelemnul
The Shining One
Beogh

Shops:
D:4 *   D:7 [   D:8 =   Orc:2 :[*[

Annotations:
D:8 1 runed translucent door, Megalobster's ghost, novice GnAM
Lair:6 exclusion: 2 oklob plants
Swamp:4 1 runed translucent door, corrupted, larifari's ghost, adept TrMo
Spider:4 corrupted
Orc:1 corrupted, 2 runed translucent doors, exclusion: orange crystal statue
Orc:2 corrupted
Vaults:1 corrupted
Abyss:1 Aizul; Dowan; Jorgrun; Kirke; Nikola; Rupert; Urug


Innate Abilities, Weirdness & Mutations

You are very small and have problems with some larger weapons.
You are too small for most types of armour.
You have supernaturally acute eyesight. (SInv)
You are a herbivore.
You cover ground extremely quickly.
You need to consume almost no food.


Message History

The smoke demon is severely wounded.
The smoke demon blinks!
The smoke demon gestures at you. Something smites you!
* * * LOW HITPOINT WARNING * * *
You feel much better. The smoke demon gestures at you.
You block the sticky flame.
Found a corrupted altar of Lugonu.
You hit the smoke demon but do no damage.
The smoke demon is severely wounded.
The smoke demon blinks!
The smoke demon gestures at you. The ball of steam hits you. You resist.
A small abomination comes into view.
The ghostly deep elf death mage beckons forth a restless soul!
The red draconian scorcher gestures at you while chanting.
The sphere of damnation explodes!
The damnation engulfs you!!!
Ouch! That really hurt!
You die...

._... ..§ ....... .
..#. ##3#§..#..####
#### #...X....#.#
#..###..##.. ....#
#.###.e#..#X##.#.##.X.≈
#....#...#.# #### . ≈≈
. # #*e##..##.# #≈≈≈ #
#.###..O.#...#..≈≈≈
#.......##.#.@...≈≈≈≈
#.#.. ....#..#.....#. .
...........#.....#
##.......#.##.......
#...q...### ##.....
#.......# . ...... #
..#.#....###.# .. ..##
....##.## ... ... ? ..
.... .


You could see a red draconian scorcher.

Vanquished Creatures
  2 emperor scorpions (Spider:3)
  An ironheart preserver (Vaults:1)
  2 deep elf demonologists (Vaults:1)
  3 spark wasps
  10 hydras
  6 vault guards (D:13)
  9 two-headed ogres
  2 ogre magi
  Erica (Lair:1)
  4 alligators
  3 death yaks (Lair:6)
  A tengu warrior (D:14)
  A spriggan berserker (Swamp:4)
  Sonja (Lair:1)
  2 skeletal warriors
  A wizard (D:15)
  4 deep trolls (Vaults:1)
  2 unseen horrors (D:14)
  A deep elf archer (Vaults:1)
  A spriggan druid (Swamp:3)
  4 swamp dragons (Swamp:4)
  A lindwurm (Lair:6)
  8 orb spiders
  Pikel (D:5)
  4 cyclopes
  12 wolf spiders
  2 deep elf magi
  3 orc sorcerers
  3 manticores
  A large abomination (Abyss:2)
  11 elephants
  A centaur zombie (D:10)
  A black mamba (Lair:2)
  Maurice (D:12)
  2 centaur skeletons (D:13)
  A gargoyle (D:12)
  7 spiny frogs
  5 rime drakes
  4 komodo dragons
  2 freezing wraiths
  A rime drake (shapeshifter) (D:10)
  An efreet (D:15)
  An ancient zyme (Abyss:2)
  3 yaktaurs (Vaults:1)
  A demonic crawler (Spider:2)
  2 ice devils (IceCv)
  25 jumping spiders
  5 trolls
  A tengu conjurer (D:13)
  2 tyrant leeches
  8 hornets
  19 blink frogs
  Grinder (D:5)
  3 bog bodies
  A slime creature (Swamp:3)
  A polar bear (D:15)
  A dream sheep (Lair:6)
  10 hippogriffs
  56 redbacks
  Sigmund (D:3)
  3 spriggans
  A wraith (D:8)
  3 shadows
  2 hogs (Spider:1)
  2 wyverns
  25 yaks
  21 tarantellas
  2 basilisks (Lair:6)
  3 hungry ghosts
  A steam dragon (D:11)
  Menkaure (Ossuary)
  14 vampire mosquitoes
  8 insubstantial wisps
  2 wargs
  11 swamp worms
  Duvessa (D:5)
  8 swamp drakes
  5 water moccasins
  5 porcupines
  4 ice beasts
  14 ogres
  36 orc warriors
  2 necrophages
  4 sky beasts
  A slave (D:5)
  4 phantoms
  7 centaurs
  24 wolves
  2 big kobolds
  13 crocodiles
  19 bullfrogs
  3 scorpions
  2 wyvern skeletons
  A water moccasin skeleton (D:9)
  5 killer bees (D:10)
  3 wights (D:11)
  2 electric eels (Spider:2)
  5 howler monkeys
  2 bullfrog zombies
  9 crimson imps
  2 quasits
  2 bullfrog skeletons
  9 hounds
  5 jellies
  13 orc priests
  4 iguanas
  19 orc wizards
  14 worker ants
  2 hound zombies
  3 hound skeletons
  3 mummies (Ossuary)
  10 adders
  4 gnolls (D:6)
  A howler monkey skeleton (D:7)
  2 river rats (Sewer)
  2 shadow imps
  6 white imps (IceCv)
  3 ufetubi (IceCv)
  8 oozes
  2 adder skeletons
  6 worms
  5 dart slugs
  6 leopard geckos
  104 orcs
  6 ball pythons
  4 giant cockroaches
  3 gnoll zombies (Ossuary)
  3 hobgoblins
  13 jackals
  3 quokkas
  4 bats
  6 frilled lizards
  6 gnoll skeletons (Ossuary)
  7 goblins
  6 goblin skeletons (Ossuary)
  4 goblin zombies (Ossuary)
  3 hobgoblin skeletons (Ossuary)
  5 hobgoblin zombies (Ossuary)
  23 kobolds
  2 kobold skeletons (Ossuary)
  6 kobold zombies (Ossuary)
  A leopard gecko skeleton (D:5)
  3 orc skeletons (Ossuary)
  4 orc zombies (Ossuary)
  A quokka skeleton (D:4)
  2 quokka zombies
  7 rats
  5 rat skeletons (Ossuary)
  2 rat zombies (Ossuary)
  A bush (Lair:1)
  A plant (Lair:1)
920 creatures vanquished.

Vanquished Creatures (collateral kills)
  A bog body (Swamp:4)
  A swamp drake (Swamp:4)
  A crocodile (D:9)
3 creatures vanquished.

Vanquished Creatures (others)
  5 thorn hunters
  A frost giant (D:14)
  3 orc warlords
  3 ghost moths (Spider:4)
  A vault warden (Vaults:1)
  5 ironheart preservers (Vaults:1)
  A reaper (IceCv)
  5 emperor scorpions
  4 entropy weavers
  A deep elf demonologist (Vaults:1)
  A dire elephant (Lair:6)
  An ettin (Orc:1)
  2 vault guards (D:13)
  5 hydras
  2 centaur warriors (D:14)
  A ghost crab (Swamp:4)
  A shambling mangrove (Swamp:4)
  A catoblepas (Lair:6)
  3 ogre magi
  A dancing weapon (Swamp:4)
  10 two-headed ogres
  2 alligators
  5 death yaks (Lair:6)
  3 tengu warriors
  5 orc high priests (Orc:2)
  A spriggan berserker (Swamp:4)
  2 deep elf knights (Vaults:1)
  An unseen horror (Vaults:1)
  6 skeletal warriors
  A spriggan druid (Swamp:4)
  An ironbrand convoker (Vaults:1)
  10 swamp dragons (Swamp:4)
  A wizard (D:15)
  2 deep elf magi
  2 orb spiders
  5 orc knights
  15 wolf spiders
  An ugly thing (Vaults:1)
  2 orc sorcerers (Orc:2)
  2 moths of wrath (Spider:4)
  A cyclops (D:11)
  15 elephants
  2 black mambas (Lair:3)
  2 ice statues (IceCv)
  2 gargoyles (D:13)
  2 torpor snails
  2 vault sentinels (Vaults:1)
  A centaur skeleton (D:14)
  10 spiny frogs
  7 demonic crawlers
  A rime drake (Lair:6)
  A yaktaur (Vaults:1)
  6 ice devils (IceCv)
  10 jumping spiders
  5 trolls
  3 polar bears
  3 slime creatures (Swamp:3)
  5 tyrant leeches
  6 hornets
  4 blink frogs
  3 hippogriffs
  A dream sheep (Lair:6)
  7 bog bodies
  26 redbacks
  12 tarantellas
  6 yaks
  2 hogs (Spider:1)
  A basilisk (Lair:1)
  2 insubstantial wisps (Swamp:3)
  4 vampire mosquitoes
  5 wargs
  5 swamp worms
  4 water moccasins
  21 orc warriors
  2 ice beasts (D:14)
  5 swamp drakes (Swamp:4)
  5 ogres
  11 wolves
  4 crocodiles
  3 centaurs (D:11)
  2 bullfrogs
  A scorpion (Lair:3)
  A wight (D:11)
  A quasit (D:13)
  20 orc priests
  A bullfrog skeleton (D:13)
  3 orc wizards (Orc:2)
  6 white imps (IceCv)
  6 ufetubi (IceCv)
  19 orcs
  4 goblins (Orc:1)
  A jackal (D:11)
  A kobold (D:11)
  A goblin zombie (Ossuary)
  3 briar patches (Swamp:4)
  A bush (Lair:1)
  9 fungi
  5 plants
  22 starspawn tentacles
448 creatures vanquished.

Grand Total: 1371 creatures vanquished

Notes
Turn   | Place    | Note
-------+----------+-------------------------------------------
     0 | Abyss:1  | MrRokkomies the Spriggan Abyssal Knight began the quest for
                  | the Orb.
     0 | Abyss:1  | Reached XP level 1. HP: 11/11 MP: 3/3
    43 | Abyss:2  | Found a corrupted altar of Lugonu.
   121 | Abyss:2  | Noticed a large abomination
   126 | Abyss:2  | Killed a large abomination
   126 | Abyss:2  | Reached skill level 5 in Dodging
   126 | Abyss:2  | Reached skill level 4 in Invocations
   126 | Abyss:2  | Reached XP level 2. HP: 16/16 MP: 4/6
   126 | Abyss:2  | Reached XP level 3. HP: 19/19 MP: 4/7
   126 | Abyss:2  | Reached XP level 4. HP: 23/23 MP: 4/8
   126 | Abyss:2  | Reached XP level 5. HP: 27/27 MP: 4/9
   126 | Abyss:2  | Reached XP level 6. HP: 32/32 MP: 4/10
   128 | D:1      | Escaped the Abyss
   412 | D:1      | You fall into a shaft and drop 1 floor!
   800 | D:2      | Reached ** piety under Lugonu
  1609 | D:3      | Reached skill level 5 in Short Blades
  2214 | D:3      | Noticed Sigmund
  2220 | D:3      | Reached XP level 7. HP: 35/35 MP: 11/11
  2222 | D:3      | Killed Sigmund
  2222 | D:3      | Reached skill level 5 in Invocations
  2598 | D:4      | Reached *** piety under Lugonu
  2641 | D:4      | Found a staircase to the Ecumenical Temple.
  2657 | D:4      | Found Ysannad's Lightly-Used Armoury.
  2686 | D:4      | Reached skill level 5 in Stealth
  2688 | D:4      | Bought a -2 quick blade for 55 gold pieces
  3421 | D:5      | Entered Level 5 of the Dungeon
  3424 | D:5      | Noticed Duvessa
  3430 | D:5      | Noticed Dowan
  3444 | D:5      | Killed Duvessa
  3447 | D:5      | Banished Dowan
  3447 | D:5      | Reached skill level 1 in Slings
  3707 | D:5      | Noticed Grinder
  3716 | D:5      | Paralysed by Grinder for 3 turns
  3720 | D:5      | Killed Grinder
  3720 | D:5      | Reached XP level 8. HP: 25/39 MP: 13/13
  3900 | D:5      | Reached skill level 6 in Invocations
  4025 | D:5      | Noticed Pikel
  4052 | D:5      | Killed Pikel
  4670 | D:6      | Reached skill level 7 in Invocations
  4771 | D:6      | Found a glowing drain.
  4792 | Sewer    | Entered a sewer
  5292 | D:6      | Found an ornate altar of the Wu Jian Council.
  5325 | D:6      | Reached XP level 9. HP: 43/43 MP: 15/15
  5363 | D:6      | Reached **** piety under Lugonu
  6316 | D:7      | Reached skill level 8 in Invocations
  6348 | D:7      | Found Pamuw's Armour Shop.
  6352 | D:7      | Bought a +1 troll leather armour for 308 gold pieces
  6682 | D:7      | Reached skill level 5 in Slings
  7305 | D:7      | Reached ***** piety under Lugonu
  7337 | D:7      | Reached XP level 10. HP: 42/47 MP: 17/17
  7626 | D:8      | Found a runed translucent door.
  7626 | D:8      | Found a shimmering altar of Xom.
  7626 | D:8      | Noticed Megalobster's ghost (novice GnAM)
  7630 | D:8      | Found Kairph's Jewellery Boutique.
  7696 | D:8      | Noticed a two-headed ogre
  7699 | D:8      | Banished a two-headed ogre
  7699 | D:8      | Reached skill level 9 in Invocations
  7747 | D:8      | Got a distressingly furry cloak
  7758 | D:8      | Identified the cursed -5 cloak of Divine Intervention
                  | {+Blink rElec Int-5 Dex-5} (You found it on level 8 of the
                  | Dungeon)
  7759 | D:8      | Found a sand-covered staircase.
  7772 | Ossuary  | Entered an ossuary
  8080 | Ossuary  | Noticed Menkaure
  8088 | Ossuary  | Killed Menkaure
  8237 | D:8      | Noticed a +5 flail of chaos
  8263 | D:8      | Reached skill level 10 in Short Blades
  8809 | D:9      | Reached skill level 10 in Dodging
  9049 | D:9      | Reached ****** piety under Lugonu
  9242 | D:9      | Found a basalt altar of Yredelemnul.
  9545 | D:10     | Entered Level 10 of the Dungeon
  9667 | D:10     | Reached skill level 10 in Invocations
  9716 | D:10     | Reached XP level 11. HP: 51/51 MP: 19/19
 10489 | D:10     | Identified a +0 quick blade of distortion (a -2 quick blade
                  | corrupted by Lugonu)
 10489 | D:10     | Received a gift from Lugonu
 10535 | D:11     | Found a staircase to the Orcish Mines.
 10542 | D:11     | Found a staircase to the Lair.
 10832 | D:11     | Noticed a two-headed ogre
 10846 | D:11     | Banished a two-headed ogre
 10846 | D:11     | Reached skill level 5 in Fighting
 11348 | D:11     | Noticed a two-headed ogre
 11371 | D:11     | Killed a two-headed ogre
 11371 | D:11     | Reached skill level 11 in Invocations
 11886 | Lair:1   | Entered Level 1 of the Lair of Beasts
 11962 | Lair:1   | Noticed a seven-headed hydra
 12016 | Lair:1   | Killed a seven-headed hydra
 12069 | Lair:1   | You fall into a shaft and drop 1 floor!
 12163 | Lair:1   | Noticed Sonja
 12165 | Lair:1   | Killed Sonja
 12188 | Lair:1   | Learned a level 3 spell: Confusing Touch
 12192 | Lair:1   | Learned a level 3 spell: Frozen Ramparts
 12208 | Lair:1   | Noticed a six-headed hydra
 12247 | Lair:1   | Killed a six-headed hydra
 12247 | Lair:1   | Reached XP level 12. HP: 55/60 MP: 21/21
 12318 | Lair:1   | Noticed Erica
 12326 | Lair:1   | Killed Erica
 13370 | Lair:2   | Reached skill level 1 in Hexes
 13841 | Lair:3   | Noticed a seven-headed hydra
 13851 | Lair:3   | Killed a seven-headed hydra
 13851 | Lair:3   | Reached skill level 12 in Invocations
 13858 | Lair:3   | Learned a level 4 spell: Summon Ice Beast
 13929 | Lair:3   | Found a frozen archway.
 13952 | IceCv    | Entered an ice cave
 14060 | IceCv    | Reached skill level 1 in Ice Magic
 14218 | IceCv    | Reached skill level 1 in Shields
 14231 | IceCv    | Noticed a reaper
 14235 | IceCv    | Banished a reaper
 14263 | IceCv    | Got an encrusted demon whip
 14264 | IceCv    | Identified the cursed +3 demon whip "Xymaph" {elec, Fragile
                  | Int+8 SInv} (You found it in an ice cave)
 15361 | Lair:4   | Found a hole to the Spider Nest.
 15629 | Lair:4   | Found a staircase to the Swamp.
 16148 | Lair:5   | Reached XP level 13. HP: 67/67 MP: 23/23
 16327 | Lair:5   | Reached skill level 10 in Slings
 16633 | Lair:5   | Reached skill level 5 in Hexes
 16970 | Lair:6   | Entered Level 6 of the Lair of Beasts
 17066 | Lair:6   | Reached skill level 5 in Ice Magic
 17694 | Lair:6   | Reached skill level 5 in Shields
 18070 | Lair:6   | Noticed a dire elephant
 18090 | Lair:6   | Banished a dire elephant
 18150 | Lair:6   | Reached XP level 14. HP: 64/72 MP: 24/24
 18524 | Lair:6   | Reached skill level 1 in Summonings
 19177 | D:12     | Noticed Maurice
 19185 | D:12     | Killed Maurice
 19379 | D:12     | You fall into a shaft and drop 3 floors!
 19379 | D:15     | Entered Level 15 of the Dungeon
 19654 | D:15     | Found a bloodstained altar of Trog.
 19917 | D:15     | Found a staircase to the Depths.
 20121 | D:14     | Learned a level 2 spell: Blink
 20145 | D:14     | Reached skill level 5 in Summonings
 20342 | D:14     | Noticed a frost giant
 20409 | D:14     | Banished a frost giant
 20609 | D:14     | Found a glowing golden altar of the Shining One.
 20666 | D:14     | Reached skill level 1 in Translocations
 20721 | D:14     | Reached skill level 1 in Armour
 20789 | D:14     | You fall into a shaft and drop 1 floor!
 20983 | D:15     | Reached XP level 15. HP: 49/75 MP: 25/25
 22149 | D:13     | Found a gate to the Vaults.
 22796 | D:12     | Found an iron altar of Okawaru.
 23257 | Orc:1    | Entered Level 1 of the Orcish Mines
 23423 | Orc:2    | Entered Level 2 of the Orcish Mines
 23521 | Orc:1    | Corrupted Orc:1
 23523 | Orc:1    | Noticed a tentacled starspawn
 23534 | Orc:1    | Found a flagged portal.
 23541 | Bailey   | Entered a bailey
 23879 | Orc:1    | Noticed a tentacled starspawn
 23886 | Orc:1    | Noticed a tentacled starspawn
 23993 | Orc:1    | Noticed an orc warlord
 24064 | Orc:1    | Banished an orc warlord
 24064 | Orc:1    | Reached skill level 5 in Translocations
 24195 | Orc:1    | Found a runed translucent door.
 24225 | Orc:1    | Found the +10 tower shield of Ignorance {rN+ Int-4}
 24230 | Orc:1    | Found a runed translucent door.
 24404 | Orc:2    | Noticed Urug
 24412 | Orc:2    | Banished Urug
 24482 | Orc:2    | Noticed an orc warlord
 24489 | Orc:2    | Banished an orc warlord
 24629 | Orc:2    | Found a roughly hewn altar of Beogh.
 24630 | Orc:2    | Noticed an orc warlord
 24632 | Orc:2    | Corrupted Orc:2
 24651 | Orc:2    | Killed an orc warlord
 24947 | Orc:2    | Found Sizif's Armour Boutique.
 24972 | Orc:2    | Found Baufid's Assorted Antiques.
 24982 | Orc:2    | Bought a thin filigree amulet for 165 gold pieces
 24982 | Orc:2    | Bought a bubbling grey potion for 29 gold pieces
 24982 | Orc:2    | Bought a scroll of enchant weapon for 247 gold pieces
 24982 | Orc:2    | Bought a tiny jade amulet for 165 gold pieces
 25124 | Orc:2    | Found a roughly hewn altar of Beogh.
 25259 | Orc:2    | Found Boleamor's Book Emporium.
 25298 | Orc:2    | Found Taukkuce's Armour Shoppe.
 25886 | Orc:2    | Found a staircase to the Elven Halls.
 26305 | Orc:2    | Bought a +0 buckler of protection for 184 gold pieces
 26587 | Swamp:1  | Entered Level 1 of the Swamp
 26598 | Swamp:1  | Learned a level 1 spell: Summon Butterflies
 26935 | Swamp:1  | Noticed Donald
 26949 | Swamp:1  | Banished Donald
 26987 | Swamp:1  | Noticed Nikola
 27005 | Swamp:1  | Banished Nikola
 27005 | Swamp:1  | Reached skill level 5 in Armour
 27084 | Swamp:1  | Noticed a thorn hunter
 27135 | Abyss:1  | Found a corrupted altar of Lugonu.
 27187 | Abyss:2  | Found a corrupted altar of Lugonu.
 27324 | Abyss:2  | Noticed a red draconian scorcher
 27325 | Swamp:1  | Escaped the Abyss
 27353 | Swamp:1  | Banished a thorn hunter
 28016 | Swamp:2  | Reached skill level 1 in Spellcasting
 28016 | Swamp:2  | Reached XP level 16. HP: 82/82 MP: 26/26
 28057 | Swamp:2  | Noticed a thorn hunter
 28059 | Swamp:2  | Banished a thorn hunter
 29743 | Swamp:4  | Entered Level 4 of the Swamp
 29743 | Swamp:4  | Noticed a thorn hunter
 29773 | Swamp:4  | Noticed a thorn hunter
 30661 | Swamp:3  | Learned a level 5 spell: Summon Mana Viper
 31075 | Swamp:3  | Banished a thorn hunter
 31523 | Swamp:4  | Banished a thorn hunter
 31791 | Swamp:4  | Reached skill level 5 in Spellcasting
 32034 | Swamp:4  | Found a runed translucent door.
 32035 | Swamp:4  | Found a shimmering altar of Xom.
 32035 | Swamp:4  | Noticed larifari's ghost (adept TrMo)
 32484 | Swamp:4  | Noticed a thorn hunter
 32489 | Swamp:4  | Corrupted Swamp:4
 32537 | Swamp:4  | Killed a thorn hunter
 32767 | Swamp:4  | Got a decaying rune of Zot
 33116 | Spider:1 | Entered Level 1 of the Spider Nest
 33116 | Spider:1 | Noticed Kirke
 33128 | Spider:1 | Banished Kirke
 34040 | Spider:1 | Noticed Rupert
 34058 | Spider:1 | Banished Rupert
 34412 | Spider:2 | Reached skill level 13 in Invocations
 35641 | Spider:2 | Noticed Jorgrun
 35658 | Spider:2 | Banished Jorgrun
 35658 | Spider:2 | Reached skill level 10 in Summonings
 35786 | Spider:2 | Reached XP level 17. HP: 88/88 MP: 27/27
 36882 | Spider:3 | Noticed Aizul
 37186 | Spider:3 | Banished Aizul
 37611 | Spider:4 | Entered Level 4 of the Spider Nest
 38968 | Spider:4 | Corrupted Spider:4
 39249 | Spider:4 | Reached skill level 14 in Invocations
 39491 | Spider:4 | Got a gossamer rune of Zot
 39764 | Vaults:1 | Entered Level 1 of the Vaults
 39773 | Vaults:1 | Reached skill level 10 in Fighting
 39773 | Vaults:1 | Reached skill level 10 in Stealth
 40495 | Vaults:1 | Noticed an Ice Fiend
 41486 | Vaults:1 | Corrupted Vaults:1
 41905 | Abyss:1  | Found a corrupted altar of Lugonu.
 41919 | Abyss:1  | Killed from afar by a red draconian scorcher

Illustrated notes

Levels and vault maps discovered:
D:1:      ebering_hopf_link, layout_basic, nrook_campfire
D:2:      minmay_chambers_of_ones, layout_basic
D:3:      layout_loops_cross, lightli_corner_chamber, uniq_sigmund
D:4:      layout_gridville, minmay_temple_entry_mist, first_ration,
          minmay_shop_damaged
D:5:      layout_basic, uniq_grinder, uniq_duvessa, uniq_pikel
D:6:      layout_loops_ring, basic_altar, cheibrodos_sewer_entry_bend,
          minmay_diced_spiral
D:7:      minmay_recursive_quarters, layout_basic, serial_shops,
          nicolae_shop_trees
D:8:      layout_rooms, ebering_ghost_xom, serial_shops, shop,
          chequers_ossuary_entry_cave
D:9:      layout_basic, lemuel_crystal_altar
D:10:     layout_basic
D:11:     layout_layer_cave, david_lair_generic, orc_0_dummy
D:12:     layout_loops_corners, okawaru_ov_weapons_minmay, uniq_maurice
D:13:     layout_loops_ring, erik_vaults_2, the_bakery, minmay_misc_feat_chi,
          hex_medium
D:14:     minmay_coctagon, layout_irregular_city, tso_altar
D:15:     grunt_enter_depths_magical_seal, layout_loops_cross,
          dk_noncrumbling_3, serial_glass, glass_columns_a, glass_columns_a,
          trog_ov_bears_minmay
Lair:1:   layout_loops_ring, wad_woods_06, uniq_sonja, uniq_erica
Lair:2:   layout_regular_city
Lair:3:   layout_gridlike, portal_ice_cave_rime, serial_bayou_shore_a
Lair:4:   layout_cave_pods, swamp_mist, spider_nest_entry_a, minivault_26
Lair:5:   layout_roguey
Lair:6:   hangedman_lair_in_review, layout_cave_pods,
          minmay_slime_entry_oklob_open, grunt_forest_large_clearings
Swamp:1:  layout_basic_swamp, evilmike_swamp_ruin_house_4, swamp_pool4,
          uniq_donald, uniq_nikola
Swamp:2:  layout_falls_marsh, serial_swamp_ruin, evilmike_swamp_ruin_house_1,
          evilmike_swamp_ruin_house_2, evilmike_swamp_ruin_rubble_1
Swamp:3:  layout_falls_marsh, evilmike_swamp_ruin_wall, swamp_pool4
Swamp:4:  swamp_basic_johnstein, layout_basic_swamp, ebering_ghost_xom,
          swamp_pool4, infiniplex_staircase_pool
Spider:1: layout_spider_delve, drop_trap, guppyfry_spider_mini_1, uniq_rupert,
          uniq_kirke
Spider:2: layout_spider_delve, guppyfry_spider_mini_3, uniq_jorgrun
Spider:3: layout_spider_delve, uniq_aizul
Spider:4: grunt_spider_rune_parallel
Orc:1:    layout_caves, enter_bailey_3, chequers_guarded_unrand_ignorance
Orc:2:    pubby_orc_utopia, serial_shops, uniq_urug
Vaults:1: minmay_guarded_unrand_secular_launcher, vaults_mumra_chevron_long,
          hangedman_vaults_stagger, dpeg_vaults_monster_box, v_alt_pattern_6,
          hangedman_vaults_cutoff, ontoclasm_vaults_decontamination,
          vaults_dpeg_hooks, layout_vaults_chaotic_city
Abyss:1:  base: Lair:3, base:
D:12

Skill      XL: |  1  2  3  4  5  6  7  8  9 10 11 12 13 14 15 16 17 |
---------------+----------------------------------------------------+-----
Short Blades   | 4 5 6 7 9 10 | 10.4
Dodging        | 5 6 7 9 10 11 12 13 | 13.0
Stealth        | 3 4 5 8 10 | 10.7
Invocations    | 4 5 7 8 10 11 12 13 14 | 14.4
Slings         | 1 3 5 7 8 9 11 12 | 12.0
Fighting       | 3 6 7 8 9 10 | 10.0
Hexes          | 4 5 7 |  7.8
Ice Magic      | 3 6 7 |  7.0
Shields        | 3 6 7 |  7.2
Summonings     | 5 8 10 11 | 11.1
Translocations | 1 6 |  6.8
Armour         | 1 5 |  5.2
Spellcasting   | 1 5 |  5.0

Action                   |  1- 3 |  4- 6 |  7- 9 | 10-12 | 13-15 | 16-18 || total
-------------------------+-------+-------+-------+-------+-------+-------++-------
Melee: Short sword       |       |   194 |   481 |   542 |       |    14 ||  1231
       Quick blade       |       |       |       |   581 |  2050 |  1529 ||  4160
 Fire: Hunting sling     |       |       |   164 |   138 |   287 |   132 ||   721
Throw: Dart              |       |       |    24 |     1 |       |    88 ||   113
 Cast: Frozen Ramparts   |       |       |       |       |     4 |     1 ||     5
       Blink             |       |       |       |       |       |     8 ||     8
       Summon Ice Beast  |       |       |       |       |       |     3 ||     3
       Summon Mana Viper |       |       |       |       |       |     2 ||     2
Invok: Banish            |       |       |     2 |    10 |     9 |    12 ||    33
       Brand Weapon With |       |       |       |     1 |       |       ||     1
       Corrupt           |       |       |       |       |     2 |     3 ||     5
       Enter the Abyss   |       |       |       |       |     1 |     1 ||     2
       Depart the Abyss  |       |       |       |       |     1 |       ||     1
       Bend Space        |       |       |       |       |       |     2 ||     2
Evoke: Wand              |     3 |     3 |     2 |     2 |     1 |       ||    11
  Use: Scroll            |       |     6 |    12 |    20 |    13 |     7 ||    58
       Potion            |       |       |     2 |     2 |     8 |     6 ||    18
 Stab: Sleeping          |       |    11 |    20 |    18 |    18 |     9 ||    76
       Distracted        |       |       |     1 |     1 |     6 |     1 ||     9
       Held in net/web   |       |       |       |       |       |     1 ||     1
  Eat: Ration            |       |       |     3 |     7 |    10 |    12 ||    32
Armor: Robe              |       |    15 |    30 |       |       |       ||    45
       Troll leather arm |       |       |     8 |    55 |    33 |       ||    96
       Ice dragon scales |       |       |       |       |    52 |    57 ||   109
       Swamp dragon scal |       |       |       |       |       |    89 ||    89
Dodge: Dodged            |       |   137 |   383 |   582 |   666 |   799 ||  2567
Block: Buckler           |       |       |       |    15 |   317 |   364 ||   696

Table legend:
 A = Non-vault XP
 B = Vault XP
 C = Vault XP percentage of total XP
 D = Non-vault monster count
 E = Vault monster count
 F = Vault count percentage of total count
                 A         B        C        D         E       F
            +---------+---------+-------+---------+---------+-------
      Total |  186579 |   84433 |  31.2 |     812 |     399 |  32.9
            +---------+---------+-------+---------+---------+-------
        D:1 |      33 |       0 |   0.0 |      17 |       0 |   0.0
        D:2 |      80 |      30 |  27.3 |      17 |       5 |  22.7
        D:3 |     107 |     231 |  68.3 |      26 |       1 |   3.7
        D:4 |     178 |       0 |   0.0 |      16 |       0 |   0.0
        D:5 |     334 |    1009 |  75.1 |      10 |       4 |  28.6
        D:6 |    1199 |      92 |   7.1 |      35 |       3 |   7.9
        D:7 |    1427 |     227 |  13.7 |      22 |       4 |  15.4
        D:8 |    2565 |       0 |   0.0 |      30 |       0 |   0.0
        D:9 |    1372 |       0 |   0.0 |      29 |       0 |   0.0
       D:10 |    4324 |       0 |   0.0 |      27 |       0 |   0.0
       D:11 |    4556 |     665 |  12.7 |      49 |       4 |   7.5
       D:12 |    4157 |     433 |   9.4 |      25 |       1 |   3.8
       D:13 |    3493 |    7629 |  68.6 |      17 |       9 |  34.6
       D:14 |   11975 |    1733 |  12.6 |      33 |       6 |  15.4
       D:15 |   10215 |    6470 |  38.8 |      25 |      13 |  34.2
     Lair:1 |    4577 |    1879 |  29.1 |      18 |       4 |  18.2
     Lair:2 |     738 |       0 |   0.0 |       4 |       0 |   0.0
     Lair:3 |    3535 |     767 |  17.8 |      14 |       2 |  12.5
     Lair:4 |    2764 |     763 |  21.6 |      11 |       3 |  21.4
     Lair:5 |    6660 |       0 |   0.0 |      31 |       0 |   0.0
     Lair:6 |   21553 |    9045 |  29.6 |      59 |      43 |  42.2
    Swamp:1 |    6796 |    3310 |  32.8 |      20 |       2 |   9.1
    Swamp:2 |    5387 |       0 |   0.0 |      14 |       0 |   0.0
    Swamp:3 |   10205 |       0 |   0.0 |      37 |       0 |   0.0
    Swamp:4 |    6937 |   11816 |  63.0 |      22 |      24 |  52.2
   Spider:1 |    8384 |    5005 |  37.4 |      29 |      11 |  27.5
   Spider:2 |   15835 |    3519 |  18.2 |      50 |       8 |  13.8
   Spider:3 |   14996 |    1433 |   8.7 |      41 |       3 |   6.8
   Spider:4 |   10426 |    3834 |  26.9 |      31 |      16 |  34.0
      Orc:1 |    4336 |       0 |   0.0 |      28 |       0 |   0.0
      Orc:2 |       0 |   13608 | 100.0 |       0 |     111 | 100.0
   Vaults:1 |   16590 |    5639 |  25.4 |      23 |      10 |  30.3
    Abyss:2 |     845 |       0 |   0.0 |       2 |       0 |   0.0
      Sewer |       0 |      88 | 100.0 |       0 |      21 | 100.0
    Ossuary |       0 |     275 | 100.0 |       0 |      51 | 100.0
     Bailey |       0 |    1433 | 100.0 |       0 |      18 | 100.0
      IceCv |       0 |    3500 | 100.0 |       0 |      22 | 100.0
            +---------+---------+-------+---------+---------+-------
